 Dungeon Crawl Stone Soup version 0.19-a0-1672-g679cadd (webtiles) character file.

5970 Amnesiac the Basher (level 11, -5/71 HPs)
             Began as a Halfling Berserker on Sept 22, 2016.
             Was a High Priest of Trog.
             Slain by an orc knight
             ... wielding a cursed -3 trident
              (23 damage)
             ... in a bailey.
             The game lasted 00:20:17 (7899 turns).

Amnesiac the Basher (Halfling Berserker)            Turns: 7899, Time: 00:20:17

Health: -5/71      AC: 13    Str: 16    XL:     11   Next: 10%
Magic:  0/20       EV: 16    Int:  5    God:    Trog [*****.]
Gold:   351        SH:  8    Dex: 20    Spells: 0 memorised, 10 levels left

rFire  + . .     SeeInvis .     j - +4 whip (elec)
rCold  . . .     Gourm    .     w - +3 leather armour of a wizard's laboratory {rPois rF+}
rNeg   . . .     Faith    .     m - +0 buckler
rPois  +         Spirit   +     x - +0 helmet
rElec  .         Dismiss  .     g - +2 cloak {MR+}
rCorr  .         Reflect  .     C - +1 pair of gloves
MR     +....     Harm     .     (no boots)
Stlth  ++........               u - amulet of guardian spirit
                                (no ring)
                                y - ring of magical power

@: no status effects
A: thin skeletal structure 1, mutation resistance 1, weak 1
a: Berserk, Trog's Hand, Brothers in Arms, Burn Spellbooks, Renounce Religion


You were in a bailey.
You worshipped Trog.
Trog was extremely pleased with you.
You were not hungry.

You visited 1 branch of the dungeon, and saw 8 of its levels.
You also visited: Sewer and Bailey.

You collected 351 gold pieces.

Inventory:

Hand Weapons
 a - a +1 whip of venom
 j - a +4 whip of electrocution (weapon)
 p - a +0 morningstar
 M - a +0 broad axe
Armour
 g - a +2 cloak of magic resistance (worn)
 m - a +0 buckler (worn)
 o - a cursed +0 ring mail
 w - the +3 leather armour of a wizard's laboratory (worn) {rPois rF+}
   (You found it on level 6 of the Dungeon)

   It protects you from fire.
   It protects you from poison.
 x - a +0 helmet (worn)
 C - a +1 pair of gloves (worn)
 L - the +1 robe of Duta {MR+++}
   (You found it on level 6 of the Dungeon)

   It affects your resistance to hostile enchantments.
Jewellery
 u - an amulet of guardian spirit (around neck)
 y - a ring of magical power (left hand)
Wands
 i - a wand of acid (5/15)
 r - a wand of confusion (0/48)
 A - a wand of digging (7/24)
 G - a wand of paralysis (15/24)
Scrolls
 b - 4 scrolls of remove curse
 e - 3 scrolls of fear
 s - 4 scrolls of teleportation
 B - 2 scrolls of recharging
Potions
 d - 4 potions of brilliance
 h - 3 potions of curing
 n - a potion of heal wounds
 q - 4 potions of flight
 E - a potion of magic
Books
 K - a book of Conjurations

   Spells                             Type                      Level
   a - Magic Dart                     Conjuration                  1
   b - Searing Ray                    Conjuration                  2
   c - Dazzling Spray                 Conjuration/Hexes            3
   d - Fulminant Prism                Conjuration/Hexes            4
   e - Iskenderun's Mystic Blast      Conjuration                  4
   f - Iskenderun's Battlesphere      Conjuration/Charms           5
   Trog disapproves of the use of such an item.
Comestibles
 c - 3 bread rations
 f - 15 chunks of flesh
 k - 3 beef jerkies
 l - 4 fruits
 t - 5 meat rations
 F - a slice of pizza


   Skills:
 - Level 5.1 Fighting
 - Level 12.0 Maces & Flails
 + Level 3.8 Armour
 + Level 3.8 Dodging
 - Level 7.4 Shields


You had 10 spell levels left.
You didn't know any spells.

Dungeon Overview and Level Annotations

Branches:
Dungeon (8/15)             Temple (0/1) D:7
   Lair: D:8-11

Altars:
Ashenzari
Qazlal
Ru
Yredelemnul

Shops:
D:4 }


Innate Abilities, Weirdness & Mutations

You are small and have problems with some larger weapons.
You are somewhat resistant to further mutation.
You have a somewhat thin skeletal structure. (Dex +2, Stealth)
You are weak. (Str -2)


Message History

Evoke which item? (* to show all) (? for menu, Esc to quit)
Zapping:
r - a wand of confusion {zapped: 15} (will waste charges)
Press: ? - help, Shift-Dir - straight line, f/p - orc knight
Aim: an orc knight, wielding a trident and wearing a scale mail (unusually strong, chance to defeat MR: 28%) Nothing appears to happen.
The orc warrior shoots a bolt.
The bolt hits you!!
The orc knight hits you from afar with a trident.
You see here a bolt.
The orc warrior hits you from afar with a halberd!
The orc knight hits you from afar with a trident!
The orc warrior no longer looks unusually strong.
The orc no longer looks unusually strong.
The orc warrior shoots a bolt.
You block the bolt.
The orc knight roars a battlecry!
The orcs go into a battle-frenzy!
The orc knight hits you from afar with an enchanted trident!!
* * * LOW HITPOINT WARNING * * *
You see here a bolt.
The orc knight hits you from afar with an enchanted trident!!
You die...

###
#######∩#########
....##.(.##.....##
≈≈≈..#...#(.≈≈≈.(#
≈.≈≈.......≈≈o≈≈@#
)..≈.......≈ooo≈.+
≈)≈≈.......≈≈o≈≈.#
≈≈≈..#..(#..≈≈≈..#
....##.((##.....##
#######∩#########
###


You could see 2 orc knights, 2 orc warriors and an orc.

Vanquished Creatures
  The ghost of Xiguana the Fighter, a novice DsCK of Xom (Bailey)
  Pikel (D:5)
  The ghost of Ankalagon the Spear-Bearer, a novice TeCK of Xom (D:5)
  A hippogriff (D:6)
  Duvessa (D:5)
  3 slaves (D:4)
  A phantom (D:4)
  2 ice beasts
  7 orc warriors
  2 sky beasts
  2 necrophages (D:6)
  3 centaurs
  A big kobold (D:7)
  A bullfrog (D:6)
  A wyvern zombie (D:6)
  A wyvern skeleton (D:8)
  2 scorpions
  Dowan (D:5)
  8 wights
  8 killer bees
  2 howler monkeys
  2 crimson imps
  A quasit (D:7)
  4 jellies
  A centaur skeleton (D:6)
  4 hounds
  4 orc priests
  11 orc wizards
  Crazy Yiuf (D:2)
  2 bullfrog skeletons
  Natasha (thrice) (D:3)
  2 sirens (Sewer)
  4 worker ants
  A merfolk avatar (Sewer)
  7 gnolls
  15 adders
  4 river rats
  4 shadow imps
  3 oozes
  2 adder zombies (D:5)
  4 adder skeletons
  A worm (D:5)
  3 dart slugs
  5 leopard geckos
  27 orcs
  10 giant cockroaches
  8 goblins
  7 hobgoblins
  6 jackals
  14 kobolds
  4 quokkas
  8 ball pythons
  A bat (D:2)
  9 frilled lizards
  A giant cockroach zombie (D:6)
  A quokka skeleton (D:4)
  32 rats
266 creatures vanquished.

Vanquished Creatures (others)
  An orc wizard (D:3)
  3 orcs (D:5)
4 creatures vanquished.

Grand Total: 270 creatures vanquished

Notes
Turn   | Place    | Note
-------+----------+-------------------------------------------
     0 | D:1      | Amnesiac the Halfling Berserker began the quest for the Orb.
     0 | D:1      | Reached XP level 1. HP: 15/15 MP: 1/1
   225 | D:1      | Reached XP level 2. HP: 20/20 MP: 2/2
   417 | D:2      | Found a sacrificial altar of Ru.
   478 | D:3      | Reached skill level 3 in Maces & Flails
   478 | D:3      | Reached XP level 3. HP: 26/26 MP: 3/3
   520 | D:3      | Reached XP level 4. HP: 31/31 MP: 4/4
   835 | D:2      | Reached ** piety under Trog
  1483 | D:2      | Found a runed door.
  1671 | D:2      | Reached XP level 5. HP: 36/36 MP: 5/5
  1845 | D:2      | Noticed Crazy Yiuf
  1850 | D:2      | Killed Crazy Yiuf
  1850 | D:2      | Reached skill level 1 in Shields
  2014 | D:3      | Noticed Natasha
  2016 | D:3      | Reached XP level 6. HP: 27/42 MP: 2/6
  2022 | D:3      | Killed Natasha
  2149 | D:3      | Noticed Natasha
  2155 | D:3      | Killed Natasha
  2162 | D:3      | Noticed Natasha
  2166 | D:3      | Killed Natasha
  2248 | D:3      | Reached skill level 5 in Shields
  2707 | D:4      | Found a shattered altar of Ashenzari.
  2796 | D:4      | Reached *** piety under Trog
  2949 | D:4      | Noticed a phantom
  2971 | D:4      | Killed a phantom
  2971 | D:4      | Reached skill level 4 in Maces & Flails
  2971 | D:4      | Reached XP level 7. HP: 41/46 MP: 4/7
  3067 | D:4      | Found Giulikhleq's Gadget Emporium.
  3161 | D:5      | Entered Level 5 of the Dungeon
  3161 | D:5      | Found a sacrificial altar of Ru.
  3161 | D:5      | Found a stormy altar of Qazlal.
  3164 | D:5      | Noticed Ankalagon's ghost (novice TeCK)
  3169 | D:5      | Noticed Pikel
  3318 | D:5      | Killed Ankalagon's ghost
  3318 | D:5      | Reached XP level 8. HP: 38/52 MP: 6/8
  3727 | D:5      | Found a glowing drain.
  3768 | Sewer    | Entered a sewer
  3961 | Sewer    | Reached **** piety under Trog
  3972 | Sewer    | Reached skill level 5 in Maces & Flails
  4547 | D:5      | Noticed Duvessa
  4549 | D:5      | Noticed Dowan
  4559 | D:5      | Killed Dowan
  4565 | D:5      | Killed Duvessa
  4565 | D:5      | Reached skill level 6 in Maces & Flails
  4660 | D:5      | Killed Pikel
  4660 | D:5      | Reached skill level 7 in Maces & Flails
  4660 | D:5      | Reached XP level 9. HP: 39/57 MP: 6/9
  4806 | D:6      | Got a scorched leather armour
  4823 | D:6      | Identified the +3 leather armour of a wizard's laboratory {rPois rF+} (You found it on level 6 of the Dungeon)
  4883 | D:6      | Reached skill level 8 in Maces & Flails
  4922 | D:6      | Found a basalt altar of Yredelemnul.
  4941 | D:6      | Noticed a hippogriff
  4953 | D:6      | Killed a hippogriff
  5186 | D:6      | Reached skill level 9 in Maces & Flails
  5433 | D:6      | Reached ***** piety under Trog
  5804 | D:6      | Reached XP level 10. HP: 49/63 MP: 10/10
  5809 | D:6      | Reached skill level 10 in Maces & Flails
  5899 | D:6      | Received a gift from Trog
  5919 | D:6      | Got a fine robe
  6276 | D:7      | Identified the cursed +1 robe of Duta {MR+++} (You found it on level 6 of the Dungeon)
  6333 | D:7      | Reached skill level 11 in Maces & Flails
  6393 | D:7      | Found a staircase to the Ecumenical Temple.
  6845 | D:7      | Got a distressingly furry robe
  6856 | D:7      | Identified the +0 robe of Tulips {+Inv Int+6 Dex-2} (You found it on level 7 of the Dungeon)
  7292 | D:8      | Reached skill level 12 in Maces & Flails
  7428 | D:8      | Found a flagged portal.
  7433 | Bailey   | Entered a bailey
  7433 | Bailey   | Noticed an orc knight
  7433 | Bailey   | Noticed Xiguana's ghost (novice DsCK)
  7459 | Bailey   | Noticed an orc knight
  7497 | Bailey   | Killed Xiguana's ghost
  7497 | Bailey   | Reached skill level 5 in Fighting
  7497 | Bailey   | Reached XP level 11. HP: 31/71 MP: 7/11
  7718 | Bailey   | Gained mutation: You have a somewhat thin skeletal structure. (Dex +2, Stealth) [potion of mutation]
  7718 | Bailey   | Gained mutation: You are weak. (Str -2) [potion of mutation]
  7899 | Bailey   | Slain by an orc knight

Vault maps used:
D:1:      co_arrival_random_square_maze
D:2:      first_bread, nicolae_ru_awakened_eye, uniq_crazy_yiuf_cottage
D:3:      uniq_natasha
D:4:      serial_shops, shop, nicolae_ashenzari_panopticon
D:5:      grunt_temple_overflow_open, portal_sewer_entry_b, uniq_duvessa,
          uniq_pikel
D:6:      kennysheep_windowed_halls, nicolae_overflow_hidden_temple
D:7:      kb_forest_paths
D:8:      lemuel_doored_altar, tso_oasis_becter, enter_bailey_3
Sewer:    sewer_sea
Bailey:   bailey_polearm_4, bailey

Skill      XL: |  1  2  3  4  5  6  7  8  9 10 |
---------------+-------------------------------+-----
Fighting       | 3 5 |  5.1
Maces & Flails | 3 4 7 9 12 | 12.0
Dodging        | 3 |  3.8
Armour         | 3 |  3.8
Shields        | 3 5 7 |  7.4

Action                   |  1- 3 |  4- 6 |  7- 9 | 10-12 || total
-------------------------+-------+-------+-------+-------++-------
Melee: Mace              |    37 |    20 |       |       ||    57
       Hand axe          |       |    38 |       |       ||    38
       Quarterstaff      |       |    89 |   242 |       ||   331
       Whip              |       |       |   130 |   379 ||   509
Invok: Berserk           |     2 |     2 |       |     1 ||     5
Evoke: Wand              |       |       |       |     7 ||     7
  Use: Scroll            |       |       |     1 |    25 ||    26
       Potion            |       |       |       |    10 ||    10
 Stab: Paralysed         |       |       |     1 |       ||     1
       Invisible         |       |       |       |     5 ||     5
       Distracted        |       |       |       |     1 ||     1
       Sleeping          |       |       |       |     1 ||     1
  Eat: Chunk             |       |    11 |    10 |     8 ||    29
       Bread ration      |       |       |       |     1 ||     1
Armor: Animal skin       |     3 |       |       |       ||     3
       Ring mail         |     4 |    15 |     7 |       ||    26
       Chain mail        |       |    50 |   139 |       ||   189
       Leather armour    |       |       |    17 |    46 ||    63
Dodge: Dodged            |    31 |    81 |   184 |   165 ||   461
Block: Buckler           |       |       |    24 |    81 ||   105
